 Dungeon Sprint DCSS version 0.23-a0-808-gd21de94 (webtiles) character file.

15000000 Larett the Axe Maniac (level 27, -11928/273 HPs)
             Began as a Centaur Warper on Jan 20, 2019.
             Was the Champion of Makhleb.
             Annihilated by The Meatlord
             ... wielding the +7 sceptre of Torment {pain, torment}
              (12201 damage)
             ... in the Dungeon (Sprint VIII: "Arena of Blood").
             The game lasted 00:03:38 (150 turns).

Larett the Axe Maniac (Centaur Warper)               Turns: 150, Time: 00:03:38

Health: -11928/273 AC:  8    Str: 14    XL:     27
Magic:  53/54      EV: 33    Int: 12    God:    Makhleb [******]
Gold:   0          SH:  0    Dex: 22    Spells: 80/80 levels left

rFire    + . .     SeeInvis +   R - +โˆž Axe of Woe
rCold    . . .     Gourm    .   (shield currently unavailable)
rNeg     . . .     Faith    .   b - +0 leather armour
rPois    .         Spirit   .   (no helmet)
rElec    .         Reflect  .   (no cloak)
rCorr    .         Harm     .   (no gloves)
MR       ++...     NoTele   +   (no barding)
Stlth    +++++++++.             (no amulet)
HPRegen  0.55/turn              f - ring of protection from fire
MPRegen  0.34/turn              s - ring of see invisible

@: very slightly contaminated, very quick
A: large, hooves 3, deformed body, speed 2, tough skin 3
a: Minor Destruction, Lesser Servant of Makhleb, Major Destruction, Greater
Servant of Makhleb, Renounce Religion


You were in the Dungeon.
You worshipped Makhleb.
Makhleb was exalted by your worship.
You were not hungry.

You visited 1 branch

Inventory:

Hand Weapons
 a - a +0 hand axe
 R - the +โˆž Axe of Woe (weapon)
   (You found it in the Dungeon)
Missiles
 e - 5 tomahawks of dispersal (quivered) {!f}
Armour
 b - a +0 leather armour (worn)
Jewellery
 f - a ring of protection from fire (left hand)
 s - a ring of see invisible (right hand)
Scrolls
 B - a scroll of blinking
Potions
 h - a potion of heal wounds
 i - a potion of haste
 j - 2 potions of magic
 k - a potion of berserk rage
 Q - a potion of curing
Comestibles
 S - a ration


   Skills:
 O Level 27 Fighting
 O Level 27 Axes
 O Level 27 Throwing
 O Level 27 Armour
 O Level 27 Dodging
 O Level 27 Stealth
 O Level 27 Unarmed Combat
 O Level 27 Spellcasting
   Level 2.6 Translocations
 O Level 27 Invocations


You had 80 spell levels left.
You didn't know any spells.
Your spell library contained the following spells:

 Spells                   Type           Power        Failure   Level  Hunger
 Blink                    Tloc           N/A          1%          2    None
 Shroud of Golubria       Chrm/Tloc      ###.......   1%          2    None
 Gell's Gravitas          Tloc           ###.......   2%          3    None
 Lesser Beckoning         Tloc           ###.......   2%          3    None
 Teleport Other           Tloc           ###.....     2%          3    None
 Passage of Golubria      Tloc           N/A          8%          4    None


Dungeon Overview and Level Annotations

Branches:
Dungeon (1/1)

Altars:
Makhleb

Annotations:
D The Meatlord


Innate Abilities, Weirdness & Mutations

You have hooves in place of feet.
Armour fits poorly on your strangely shaped body.
You cover ground very quickly.
You have extremely tough skin. (AC +3)


Message History

The bag of meat shouts!
You hit the bag of meat but do no damage.
You chop the bag of meat into pieces.
You kill the bag of meat!
Makhleb accepts your kill.
You slice the bag of meat!!
You butcher the bag of meat messily.
You kill the bag of meat!
Makhleb accepts your kill.
You hear a shout! x5
Blink to where?
Press: ? - help, Dir - move target cursor You are very lightly contaminated with residual magic.
As you read the scroll of blinking, it crumbles to dust. 10 orcs and an ogre come into view.
The bag of meat shouts! x2; You hear a shout! x3
The meat berserker rages.
You hear a shout!
The Meatlord hits you with the +7 sceptre of Torment {pain, torment}!!!!!!!!!!!
Ouch! That really hurt!
You die... ......... .... ...... #.......# ..... . .#... #.......# ..... #o ....###.......###.... ooo

........###..)......
o...#.O......_...)).....
oo#.......#....o#..)....
.o....&...#_.<._#.))....
#....@..#..)).#.....)#
....#.....o.)ยง..........
. ..........###.........
.o.....###.......###....
.........#.......#......
.........#.......#......
#............)..........
.#.#.................#..
...............#...


You could see The Meatlord, a meat berserker (berserk) and 10 bags of meat.

Vanquished Creatures
  3 vampire knights (D)
  13 ogres (D)
  3 two-headed ogres (D)
  63 orcs (D)
82 creatures vanquished.

Notes
Turn   | Place    | Note
-------+----------+-------------------------------------------
     0 | D        | Found the +โˆž Axe of Woe
     0 | D        | Larett the Centaur Warper began the quest for the Orb.
     0 | D        | Reached XP level 1. HP: 17/17 MP: 3/3
     2 | D        | Noticed a bag of meat
     2 | D        | Noticed a bag of meat
     4 | D        | Became a worshipper of Makhleb the Destroyer
     4 | D        | Noticed a bag of meat
     5 | D        | Noticed a bag of meat
     7 | D        | Noticed a meat berserker
     7 | D        | Noticed a meat berserker
     7 | D        | Noticed a bag of meat
     8 | D        | Killed a bag of meat
     8 | D        | Reached skill level 24 in Axes
     8 | D        | Reached XP level 2. HP: 24/24 MP: 4/4
     8 | D        | Reached XP level 3. HP: 29/29 MP: 5/5
     8 | D        | Reached XP level 4. HP: 36/36 MP: 6/6
     8 | D        | Reached XP level 5. HP: 41/41 MP: 7/7
     8 | D        | Reached XP level 6. HP: 48/48 MP: 8/8
     8 | D        | Reached XP level 7. HP: 55/55 MP: 9/9
     8 | D        | Reached XP level 8. HP: 61/61 MP: 10/10
     8 | D        | Reached XP level 9. HP: 67/67 MP: 11/11
     8 | D        | Reached XP level 10. HP: 73/73 MP: 12/12
     8 | D        | Reached XP level 11. HP: 79/79 MP: 13/13
    10 | D        | Killed a meat berserker
    10 | D        | Reached * piety under Makhleb
    10 | D        | Reached skill level 27 in Axes
    10 | D        | Reached XP level 12. HP: 80/124 MP: 14/14
    10 | D        | Reached XP level 13. HP: 84/130 MP: 15/15
    10 | D        | Noticed a bag of meat
    11 | D        | Killed a bag of meat
    11 | D        | Reached skill level 21 in Fighting
    11 | D        | Reached XP level 14. HP: 98/151 MP: 16/16
    11 | D        | Killed a meat berserker
    11 | D        | Reached XP level 15. HP: 113/173 MP: 17/17
    11 | D        | Reached ** piety under Makhleb
    11 | D        | Reached skill level 27 in Fighting
    11 | D        | Reached skill level 15 in Dodging
    13 | D        | Noticed a destroyer
    14 | D        | Noticed a meat berserker
    15 | D        | Noticed a meat berserker
    15 | D        | Noticed a meat berserker
    16 | D        | Noticed a large bag of meat
    16 | D        | Noticed a meat berserker
    17 | D        | Reached skill level 18 in Dodging
    17 | D        | Reached XP level 16. HP: 174/183 MP: 18/18
    19 | D        | Noticed a meat berserker
    20 | D        | Reached *** piety under Makhleb
    20 | D        | Killed a meat berserker
    20 | D        | Reached skill level 24 in Dodging
    20 | D        | Reached XP level 17. HP: 191/191 MP: 19/19
    22 | D        | Killed a meat berserker
    22 | D        | Reached **** piety under Makhleb
    22 | D        | Reached skill level 27 in Dodging
    22 | D        | Killed a meat berserker
    22 | D        | Reached XP level 18. HP: 200/200 MP: 20/20
    23 | D        | Killed a destroyer
    23 | D        | Reached skill level 24 in Stealth
    23 | D        | Reached XP level 19. HP: 207/207 MP: 21/21
    23 | D        | Killed a meat berserker
    23 | D        | Reached ***** piety under Makhleb
    24 | D        | Reached skill level 27 in Stealth
    24 | D        | Reached skill level 9 in Spellcasting
    24 | D        | Reached XP level 20. HP: 216/216 MP: 21/41
    25 | D        | Reached ****** piety under Makhleb
    25 | D        | Reached skill level 27 in Spellcasting
    25 | D        | Reached skill level 6 in Unarmed Combat
    25 | D        | Reached XP level 21. HP: 224/224 MP: 21/52
    27 | D        | Reached skill level 9 in Armour
    27 | D        | Reached skill level 12 in Unarmed Combat
    27 | D        | Reached skill level 15 in Throwing
    27 | D        | Reached skill level 15 in Invocations
    27 | D        | Reached skill level 12 in Armour
    27 | D        | Reached skill level 15 in Unarmed Combat
    27 | D        | Reached skill level 18 in Throwing
    27 | D        | Reached skill level 18 in Invocations
    28 | D        | Noticed a destroyer
    30 | D        | Killed a destroyer
    30 | D        | Reached skill level 21 in Throwing
    30 | D        | Reached skill level 15 in Armour
    30 | D        | Reached skill level 21 in Invocations
    30 | D        | Reached XP level 22. HP: 233/233 MP: 22/53
    41 | D        | Reached skill level 21 in Unarmed Combat
    41 | D        | Reached skill level 18 in Armour
    51 | D        | Reached skill level 24 in Throwing
    51 | D        | Reached skill level 24 in Invocations
    51 | D        | Reached skill level 24 in Unarmed Combat
    51 | D        | Reached XP level 23. HP: 240/240 MP: 27/54
    53 | D        | Reached skill level 27 in Throwing
    53 | D        | Reached skill level 21 in Armour
    53 | D        | Reached skill level 27 in Invocations
    54 | D        | Noticed a large bag of meat
    55 | D        | Reached skill level 27 in Unarmed Combat
    55 | D        | Reached skill level 24 in Armour
    58 | D        | Reached skill level 27 in Armour
    60 | D        | Reached XP level 24. HP: 249/249 MP: 29/54
    76 | D        | Noticed a large bag of meat
    78 | D        | Reached XP level 25. HP: 257/257 MP: 33/54
    81 | D        | Killed a large bag of meat
    85 | D        | Killed a large bag of meat
    88 | D        | Reached XP level 26. HP: 249/266 MP: 36/54
    97 | D        | Killed a large bag of meat
   101 | D        | Reached XP level 27. HP: 273/273 MP: 39/54
   141 | D        | Noticed a destroyer
   143 | D        | Killed a destroyer
   149 | D        | Noticed The Meatlord
   150 | D        | Annihilated by The Meatlord

Vault maps used:
D:        meatsprint

Skill      XL: |  1  2  3  4  5  6  7  8  9 10 11 12 13 14 15 16 17 18 19 20 21 22 23 |
---------------+----------------------------------------------------------------------+-----
Axes           | 24 27 | 27.0
Fighting       | 16 21 26 27 | 27.0
Dodging        | 18 24 27 | 27.0
Stealth        | 17 24 27 | 27.0
Spellcasting   | 17 27 | 27.0
Throwing       | 7 21 26 27 | 27.0
Armour         | 5 15 19 27 | 27.0
Unarmed Combat | 6 19 24 27 | 27.0
Invocations    | 7 21 26 27 | 27.0
Translocations | |  2.6

Action                   |  1- 3 |  4- 6 |  7- 9 | 10-12 | 13-15 | 16-18 | 19-21 | 22-24 | 25-27 || total
-------------------------+-------+-------+-------+-------+-------+-------+-------+-------+-------++-------
Melee: Executioner's axe |     1 |       |       |     1 |     2 |     3 |     5 |    10 |    24 ||    46
  Use: Scroll            |       |       |       |       |       |       |       |       |     1 ||     1
Dodge: Dodged            |       |       |       |       |       |     1 |       |     2 |     1 ||     4

Table legend:
 A = Non-vault XP
 B = Vault XP
 C = Vault XP percentage of total XP
 D = Non-vault monster count
 E = Vault monster count
 F = Vault count percentage of total count
                 A         B        C        D         E       F
            +---------+---------+-------+---------+---------+-------
      Total |       0 | 1934147 | 100.0 |       0 |      82 | 100.0
            +---------+---------+-------+---------+---------+-------
          D |       0 | 1934147 | 100.0 |       0 |      82 | 100.0
            +---------+---------+-------+---------+---------+-------
